 Dungeon Crawl Stone Soup version 0.31-a0-37-g98a128e1d9 (webtiles) character file.

Game seed: 7569850357520662902

2198 Salm0nSnake the Spear-Bearer (level 9, 0/71 HPs)
             Began as a Merfolk Fighter on May 14, 2023.
             Was an Initiate of Makhleb.
             Slain by a +2 heavy quarterstaff (13 damage)
             ... created by the rancor of the Wu Jian Council
             ... on level 5 of the Dungeon on May 15, 2023.
             The game lasted 00:57:55 (6840 turns).

Salm0nSnake the Spear-Bearer (Merfolk Fighter)      Turns: 6840, Time: 00:57:56

Health: 0/71       AC:  4    Str: 21    XL:     9   Next: 34%
Magic:  9/9        EV:  9    Int:  7    God:    Makhleb [......]
Gold:   479        SH:  5    Dex: 13    Spells: 8/8 levels left

rFire   . . .        a - +1 trident
rCold   . . .        c - +0 buckler
rNeg    . . .        t - +1 chain mail
rPois   .            r - +1 helmet
rElec   .            (no cloak)
rCorr   .            (no gloves)
SInv    .            (no boots)
Will    .....        (no amulet) Stlth
                     (no ring)
HPRegen 0.31/turn    (no ring)
MPRegen 0.11/turn

%: no passive effects
@: corroded, slowed, studying Long Blades, very slow
A: (nimble swimmer 2), mertail
a: Renounce Religion


You were on level 5 of the Dungeon.
You worshipped Makhleb.
Makhleb was noncommittal.
You visited 2 branches of the dungeon, and saw 7 of its levels.
You also visited: Sewer.

You collected 479 gold pieces.

Inventory:

Hand Weapons
 a - a +1 trident (weapon)
 f - a +3 flail
Missiles
 j - 12 atropa-tipped darts (quivered)
Armour
 b - a +0 scale mail
 c - a +0 buckler (worn)
 r - a +1 helmet (worn)
 t - a +1 chain mail (worn)
Wands
 g - a wand of iceblast (3)
 k - a wand of digging (6)
Scrolls
 e - 3 scrolls of identify
 i - 6 scrolls of noise
 n - a scroll of immolation
 q - 7 scrolls of amnesia
 s - a scroll of vulnerability
 u - a scroll of teleportation
 v - a scroll of magic mapping
Potions
 d - a potion of lignification
 h - a potion of brilliance
 l - 2 potions of mutation
 m - 5 potions of flight


   Skills:
 + Level 6.4 Fighting
 + Level 10.2 Polearms
 + Level 4.8 Armour
 + Level 3.6 Dodging
 + Level 1.8 Stealth
 + Level 4.8 Shields
 + Level 1.7 Evocations


You had 8 spell levels left.
You didn't know any spells.
Your spell library contained the following spells:

 Spells                   Type           Power      Damage    Failure   Level
 Shock                    Conj/Air       0%         1d3       98%         1
 Ensorcelled Hibernation  Hex/Ice        0%         N/A       99%         2
 Passwall                 Tmut/Erth      0%         N/A       99%         2
 Sublimation of Blood     Necr           0%         N/A       99%         2
 Swiftness                Air            0%         N/A       100%        3
 Airstrike                Air            0%         2d(0-16)  100%        4
 Petrify                  Tmut/Erth      0%         N/A       100%        4
 Irradiate                Conj/Tmut      0%         3d11      100%        5


Dungeon Overview and Level Annotations

Branches:
Dungeon (6/15)             Temple (1/1) D:4           Sewer (visited)

Altars:
Ashenzari
Cheibriados
Dithmenos
Fedhas
Gozag
Hepliaklqana
Kikubaaqudgha
Makhleb
Nemelex Xobeh
Okawaru
Ru
Sif Muna
Trog
Uskayaw
Vehumet
Wu Jian
Xom
Yredelemnul
Zin
The Shining One

Annotations:
D:6 2 transporters, hattey's ghost, novice HuWn


Innate Abilities, Weirdness & Mutations

((You are very nimble when in or above water. (Stealth+, EV+, Speed+++)))
Your lower body shifts to a powerful aquatic tail in water.


Message History

You block the sleepcap's attack.
You puncture the sleepcap!
You destroy the sleepcap!
Makhleb accepts your kill.
j - 12 atropa-tipped darts (gained 1)
Things that are here:
a +0 mace; an orc corpse You start resting.
Sifu Xiang Ba whispers: These will loosen your tongue! 5 dancing weapons come into view.
There is a +4 great sword of electrocution.
There is a +3 heavy great sword.
There is a +3 heavy glaive.
There is a +3 heavy quarterstaff.
There is a +2 great sword of flaming.
Magic scrolls do not work when you're silenced!
Magic scrolls do not work when you're silenced!
Magic scrolls do not work when you're silenced!
Magic scrolls do not work when you're silenced!
Magic scrolls do not work when you're silenced!
Magic scrolls do not work when you're silenced!
Magic scrolls do not work when you're silenced!
Magic scrolls do not work when you're silenced!
Magic scrolls do not work when you're silenced!
Okay, then.
There are monsters nearby!
The +3 heavy great sword moves out of view.
The +3 heavy glaive moves out of view.
You see here a +0 flail.
Found a stone staircase leading down.
There is a stone staircase leading up here.
You climb upwards.
There is a stone staircase leading down here.
You start resting.
Sifu Ma Yunglu says: Suffer, mortal!
The rancor of the Wu Jian Council corrodes you!
The divine experience drains your vigour!
You feel yourself slow down.
A +3 broad axe of electrocution, a +3 broad axe of flaming and a +2 heavy quarterstaff come into view.
You hit the +2 heavy quarterstaff but do no damage.
You closely miss the +2 heavy quarterstaff.
Your hearing returns.
The +2 heavy quarterstaff hits you!
You die...

♣♣.#..###.## ###.......#
...##......####.........#
######......##.........##
##...........###...##
#..)........## ###..# ########
##...........## #..###......#
#.............#####..#.........
##............((.(..............
#.............)@................
#...............####............
#...............# #............
####..........### ##...........
############ #...........
###......### ########


You could see 3 dancing weapons.

Vanquished Creatures
  Grinder (D:4)
  4 dancing weapons (D:6)
  Sigmund (D:3)
  Menkaure (D:4)
  A water moccasin (D:6)
  2 ice beasts
  An orc warrior (D:6)
  3 ogres
  2 phantoms (D:6)
  A bullfrog (D:6)
  A howler monkey (D:6)
  2 jellies
  A hound (D:5)
  A gnoll bouda (D:4)
  4 iguanas
  2 sleepcaps (D:6)
  Jessica (D:3)
  Ijyb (D:4)
  Terence (D:2)
  3 orc wizards (D:4)
  8 gnolls
  17 adders
  2 river rats
  A shadow imp (D:5)
  An ufetubus (D:5)
  4 worms
  A dart slug (D:1)
  19 orcs
  17 ball pythons
  5 endoplasms
  4 giant cockroaches
  3 goblins (D:1)
  4 hobgoblins
  8 jackals
  11 quokkas
  11 bats
  6 frilled lizards
  9 kobolds
  4 rats
169 creatures vanquished.

Vanquished Creatures (others)
  An orc wizard (D:4)
1 creature vanquished.

Grand Total: 170 creatures vanquished

Notes
Turn   | Place    | Note
-------+----------+-------------------------------------------
     0 | D:1      | Salm0nSnake the Merfolk Fighter began the quest for the
                  | Orb.
     0 | D:1      | Reached XP level 1. HP: 18/18 MP: 1/1
    89 | D:1      | Reached XP level 2. HP: 19/24 MP: 2/2
   327 | D:1      | Reached skill level 3 in Polearms
   356 | D:1      | Reached XP level 3. HP: 23/30 MP: 3/3
   978 | D:2      | Identified the +0 robe of Guntach {Int+3}
  1098 | D:2      | Reached skill level 4 in Polearms
  1163 | D:2      | Reached XP level 4. HP: 37/37 MP: 4/4
  1211 | D:2      | Noticed Terence
  1225 | D:2      | Killed Terence
  1639 | D:2      | Found a faded altar of an unknown god.
  1650 | D:2      | Reached skill level 1 in Dodging
  1652 | D:2      | Prayed at the altar of an unknown god.
  1652 | D:2      | Became a worshipper of the Wu Jian Council
  1652 | D:2      | Reached * piety under Wu Jian
  1741 | D:3      | Noticed Sigmund
  1752 | D:3      | Killed Sigmund
  1753 | D:3      | Reached skill level 5 in Polearms
  1753 | D:3      | Reached XP level 5. HP: 26/42 MP: 5/5
  1753 | D:3      | Reached XP level 6. HP: 30/48 MP: 6/6
  1914 | D:3      | Noticed Jessica
  1920 | D:3      | Killed Jessica
  1980 | D:3      | Found a glowing drain.
  2013 | Sewer    | Entered a sewer
  2015 | Sewer    | Upgraded the game from 0.31-a0-36-g603a1083af to
                  | 0.31-a0-37-g98a128e1d9
  2020 | Sewer    | Identified a scroll of acquirement
  2021 | Sewer    | Acquired a manual of Long Blades
  2253 | Sewer    | Reached ** piety under Wu Jian
  2962 | D:3      | Noticed an ice beast
  2975 | D:3      | Killed an ice beast
  2976 | D:3      | Reached skill level 6 in Polearms
  2976 | D:3      | Reached XP level 7. HP: 27/55 MP: 7/7
  3265 | D:3      | Reached skill level 1 in Stealth
  3567 | D:4      | Found a staircase to the Ecumenical Temple.
  3598 | Temple   | Entered the Ecumenical Temple
  3769 | D:4      | Noticed Grinder
  3794 | D:4      | Killed Grinder
  3795 | D:4      | Reached skill level 7 in Polearms
  3795 | D:4      | Reached XP level 8. HP: 45/61 MP: 8/8
  3884 | D:4      | Reached skill level 5 in Fighting
  4005 | D:4      | Noticed Menkaure
  4011 | D:4      | Killed Menkaure
  4012 | D:4      | Reached skill level 8 in Polearms
  4012 | D:4      | Reached skill level 1 in Evocations
  4012 | D:4      | Noticed Ijyb
  4053 | D:4      | Reached *** piety under Wu Jian
  4374 | D:4      | Killed Ijyb
  4665 | D:4      | Found a hazy altar of Hepliaklqana.
  5018 | D:5      | Entered Level 5 of the Dungeon
  5215 | D:5      | Reached skill level 9 in Polearms
  5396 | D:5      | Found a burning altar of Makhleb.
  5409 | D:5      | Fell from the grace of Wu Jian
  5409 | D:5      | Became a worshipper of Makhleb the Destroyer
  5412 | D:5      | Found a glowing golden altar of the Shining One.
  6010 | D:5      | Found a broken altar of Ashenzari.
  6364 | D:6      | Found a transporter.
  6364 | D:6      | Noticed hattey's ghost (novice HuWn)
  6365 | D:6      | Found a transporter.
  6407 | D:6      | Reached XP level 9. HP: 65/69 MP: 9/9
  6799 | D:6      | Reached skill level 10 in Polearms
  6840 | D:5      | Slain by a +2 heavy quarterstaff

Illustrated notes

Levels and vault maps discovered:
D:1:      lightli_arrival_farm, layout_basic, nicolae_titane
D:2:      layout_basic, chequers_ecumenical_altar_island, dk_noncrumbling_4,
          minmay_box_of_dots, uniq_terence
D:3:      layout_loops_ring, portal_sewer_entry_b, uniq_sigmund, uniq_jessica
D:4:      layout_basic, nicolae_hepliaklqana_hippocampus,
          minmay_temple_entry_sparse_star, uniq_grinder, uniq_ijyb,
          uniq_menkaure
D:5:      layout_cave_pods, mainiacjoe_overflow_alcove_4,
          mainiacjoe_overflow_large_starburst
D:6:      layout_loops_ring, gammafunk_ghost_arena
Temple:   kb_temple_of_zot

Skill      XL: |  1  2  3  4  5  6  7  8  9 |
---------------+----------------------------+-----
Polearms       | 3 4 5 6 7 9 10 | 10.2
Dodging        | 1 2 3 |  3.6
Fighting       | 4 5 6 |  6.4
Armour         | 3 4 |  4.8
Shields        | 4 |  4.8
Stealth        | 1 |  1.8
Evocations     | 1 |  1.7

Action                     |  1- 3 |  4- 6 |  7- 9 || total
---------------------------+-------+-------+-------++-------
  Melee: Trident           |   138 |   207 |   352 ||   697
         Tailslap          |       |     3 |       ||     3
  Throw: Dart              |       |       |     1 ||     1
 Invoke: Serpent's Lash    |       |       |     1 ||     1
Ability: Whirlwind         |       |     6 |    10 ||    16
         Lunge             |       |     5 |     9 ||    14
  Evoke: Wand              |       |     2 |    12 ||    14
    Use: Potion            |       |     8 |     5 ||    13
         Scroll            |       |    11 |    16 ||    27
   Stab: Sleeping          |       |     1 |       ||     1
 Armour: Scale mail        |    58 |    88 |     4 ||   150
         Chain mail        |       |       |   132 ||   132
  Dodge: Dodged            |    50 |   115 |   111 ||   276
  Block: Buckler           |    30 |    58 |    64 ||   152

Table legend: (Time is in decaauts)
 A = Elapsed time spent in this place.
 B = Non-inter-level travel time spent in this place.
 C = Inter-level travel time spent in this place.
 D = Time resting spent in this place.
 E = Time spent auto-exploring this place.
 F = Levels seen in this place.
 G = Mean time per level.
                   A        B        C        D        E       F      G
               +--------+--------+--------+--------+--------+-----+--------+
         Total |   6697 |   6545 |    152 |   1204 |   2784 |   8 |  837.1 |
       Dungeon |   5887 |   5735 |    152 |   1004 |   2647 |   6 |  981.2 |
        Temple |    132 |    132 |      0 |      0 |     86 |   1 |  132.0 |
         Sewer |    677 |    677 |      0 |    200 |     51 |   1 |  677.0 |
               +--------+--------+--------+--------+--------+-----+--------+

Top non-repeatable levels by time:
     D:4: 1307 daAuts
     D:5: 1238 daAuts
     D:3: 1047 daAuts
     D:2: 873 daAuts
     D:1: 857 daAuts
   Sewer: 677 daAuts
     D:6: 562 daAuts
  Temple: 132 daAuts
